 Dungeon Crawl Stone Soup version 0.31-a0-1612-g4aaf141004 (webtiles) character file.

Game seed: 1005820445009682630

53 voltaire321 the Digger (level 3, 0/20 HPs)
             Began as a Gargoyle Earth Elementalist on Jan 10, 2024.
             Slain by Grinder (1 damage)
             ... on level 3 of the Dungeon.
             The game lasted 00:04:34 (2423 turns).

voltaire321 the Digger (GrEE)                       Turns: 2423, Time: 00:04:34

Health: 0/20       AC: 15    Str: 11    XL:     3   Next: 89%
Magic:  4/6        EV: 10    Int: 15    God:
Gold:   63         SH:  0    Dex: 12    Spells: 5/6 levels left

rFire   . . .        h - +1 dagger (protect)
rCold   . . .        (no shield)
rNeg    + . .        g - +0 ring mail
rPois   ∞            (no helmet)
rElec   +            (no cloak)
rCorr   .            (no gloves)
SInv    .            (no boots)
Will    .....        (no amulet)
Stlth   +            (no ring)
HPRegen 0.23/turn    (no ring)
MPRegen 0.10/turn

%: no passive effects
@: under a protective aura
A: sickness immunity, AC +3, negative energy resistance 1, electricity
resistance, torment resistance 1, petrification resistance
a: no special abilities


You were on level 3 of the Dungeon.
You visited 1 branch of the dungeon, and saw 3 of its levels.

You collected 63 gold pieces.

Inventory:

Hand Weapons
 h - a +1 dagger of protection (weapon)
 m - a +0 morningstar
Armour
 g - a +0 ring mail (worn)
Jewellery
 p - an amulet of the acrobat
Scrolls
 a - 3 scrolls of identify {unknown}
 d - a scroll of teleportation {unknown}
 e - a scroll of vulnerability {unknown}
 i - 2 scrolls of revelation {unknown}
 j - a scroll of fog {unknown}
 k - a scroll of amnesia {unknown}
 n - a scroll of immolation {unknown}
Potions
 b - a potion of magic
 c - a potion of attraction {unknown}
 f - a potion of haste {unknown}
 l - a potion of heal wounds {unknown}
 o - a potion of curing {unknown}


   Skills:
 + Level 1.2 Fighting
 + Level 1.2 Armour
 + Level 1.9 Dodging
 - Level 2.2 Stealth
 + Level 2.3 Spellcasting
 + Level 1.7 Conjurations
 + Level 4.0 Earth Magic


You had 5 spell levels left.
You knew the following spells:

 Your Spells              Type           Power      Damage    Failure   Level
a - Sandblast             Erth           26%        2d8       10%         1

Your spell library contained the following spells:

 Spells                   Type           Power      Damage    Failure   Level
 Passwall                 Erth           13%        N/A       28%         3
 Stone Arrow              Conj/Erth      20%        3d8       41%         3
 Brom's Barrelling Bould  Conj/Erth      10%        2d3       83%         4
 Petrify                  Alch/Erth      7%         N/A       91%         4


Dungeon Overview and Level Annotations

Branches:
Dungeon (3/15)

Altars:

Annotations:
D:3 Grinder


Innate Abilities, Weirdness & Mutations

You are immune to sickness and miasma.
Your stone body is resilient. (AC +3)
You are immune to poison.
You resist negative energy. (rN+)
You are resistant to electric shocks. (rElec)
You are resistant to unholy torment.
You are immune to petrification.


Message History

Press: ? - help, Q - select action Shift-Dir - straight line, f/p - Grinder
Aim: Grinder (lightly wounded, 80% to hit)
The blast of sand hits Grinder!
Grinder is moderately wounded.
The ball python barely misses you. x2; Grinder blinks!
Aiming: Sandblast (safe; 10% risk of failure)
Press: ? - help, Q - select action Shift-Dir - straight line, f - ball python, p - Grinder
Aim: a ball python (80% to hit)
The blast of sand hits the ball python!
You kill the ball python!
You hear the slow rusting of a distant drain.
Grinder blinks!
There is an open door here.
You see here a ball python corpse.
There is an open door here.
You see here a ball python corpse.
Grinder closely misses you.
Aiming: Sandblast (safe; 10% risk of failure)
Press: ? - help, Q - select action Shift-Dir - straight line, f - Grinder
Aim: Grinder (moderately wounded, 80% to hit)
The blast of sand hits Grinder!
Grinder is heavily wounded.
Grinder says, "There's only one good use for a tongue: cutting it out."
Grinder hits you!
You writhe in agony.
Grinder barely misses you.
You hit Grinder.
Your weapon exudes an aura of protection.
Grinder is heavily wounded.
Grinder gestures at you. Pain shoots through your body!
* * * LOW HITPOINT WARNING * * *
You hit Grinder but do no damage. Your punch misses Grinder.
Grinder is heavily wounded.
Grinder hits you but does no damage.
You hit Grinder.
Grinder is heavily wounded.
Grinder hits you.
* * * LOW HITPOINT WARNING * * *
You writhe in agony.
You die...
Grinder says, "Now the real fun starts!"

########
#.@....#
#5####.#####
### #.#
#.....######.#
#.#
#####[#......#
#.# #.#....#.#
#######†###
#.#.####.#
#.........#
#.....##.#
#.........#
#.###.##.#
+.........#
#...#.##.#


You could see Grinder.

Vanquished Creatures
  A ribbon worm (D:2)
  5 ball pythons
  5 endoplasms
  A giant cockroach (D:2)
  3 hobgoblins
  4 jackals (D:2)
  3 quokkas
  3 bats
  4 frilled lizards
  5 goblins
  8 kobolds (D:1)
  5 rats (D:1)
47 creatures vanquished.

Notes
Turn   | Place    | Note
-------+----------+-------------------------------------------
     0 | D:1      | voltaire321 the Gargoyle Earth Elementalist began the quest
                  | for the Orb.
     0 | D:1      | Reached XP level 1. HP: 10/10 MP: 3/3
   132 | D:1      | Reached XP level 2. HP: 15/15 MP: 0/5
   619 | D:1      | Reached XP level 3. HP: 14/20 MP: 6/6
   713 | D:1      | Reached skill level 1 in Armour
  1132 | D:2      | Reached skill level 4 in Earth Magic
  1137 | D:2      | Reached skill level 1 in Fighting
  2394 | D:3      | Noticed Grinder
  2397 | D:3      | Paralysed by Grinder for 2 turns
  2423 | D:3      | HP: 1/20 [Grinder (4)]
  2423 | D:3      | Slain by Grinder

Illustrated notes

Levels and vault maps discovered:
D:1:      nzn_arrival_settlement, layout_basic, lexackson_kobold_supper
D:2:      layout_basic
D:3:      layout_basic, gup_sewer_entry_bubbles, uniq_grinder

Skill      XL: |  1  2  3 |
---------------+----------+-----
Armour         | 1 |  1.2
Earth Magic    | 4 |  4.0
Fighting       | 1 |  1.2
Dodging        | |  1.9
Stealth        | |  2.2
Spellcasting   | |  2.3
Conjurations   | |  1.7

Action                     || total
---------------------------++-------
  Melee: Short sword       ||    20
         Dagger            ||    46
         Punch             ||     1
   Cast: Sandblast         ||    55
   Stab: Sleeping          ||     1
 Armour: Ring mail         ||    35
         Robe              ||    11
  Dodge: Dodged            ||    36

Table legend: (Time is in decaauts)
 A = Elapsed time spent in this place.
 B = Non-inter-level travel time spent in this place.
 C = Inter-level travel time spent in this place.
 D = Time resting spent in this place.
 E = Time spent auto-exploring this place.
 F = Levels seen in this place.
 G = Mean time per level.
                   A        B        C        D        E       F      G
               +--------+--------+--------+--------+--------+-----+--------+
         Total |   2449 |   2400 |     49 |    499 |   1489 |   3 |  816.3 |
       Dungeon |   2449 |   2400 |     49 |    499 |   1489 |   3 |  816.3 |
               +--------+--------+--------+--------+--------+-----+--------+

Top non-repeatable levels by time:
     D:2: 1284 daAuts
     D:1: 1093 daAuts
     D:3: 70 daAuts
